AoeStats
← Combi l BU

Arabia

506901412Analyzed
1v1 RM · 17d ago on Sep 15, 2026· 43m 11s· 2 players
Game mode
Random Map
Map size
Tiny (2 player)
Population
200
Speed
Normal
Resources
Standard
Victory
Conquest
Starting age
Dark Age
Ending age
Imperial Age
RankedLock teamsTeams togetherTeam positionsShared explorationLock speedFull tech treeHidden civsTurbo modeCheats
Victory
Defeat
🇲🇽 Turks · Mexico
1975
+15
🇩🇪 Bohemians · Germany
1950
-15
Caphalor
1:28 Loom
5:58 Loom
9:14 Feudal Age
9:48 Double-Bit Axe
9:40 Man-at-Arms
14:54 Fletching
17:14 Horse Collar
18:38 Padded Archer Armor
22:06 Wheelbarrow
25:59 Castle Age
26:03 Crossbowman
26:47 Bodkin Arrow
28:08 Leather Archer Armor
28:33 Ballistics
28:10 Elite Skirmisher
29:59 Chemistry
30:22 Leather Archer Armor
39:06 Pikeman
39:46 Squires
Combi l BU
5:40 Loom
8:54 Feudal Age
9:25 Double-Bit Axe
15:19 Fletching
22:34 Castle Age
21:07 Horse Collar
21:21 Gold Mining
22:38 Crossbowman
23:20 Bodkin Arrow
24:29 Ballistics
25:48 Padded Archer Armor
27:25 Bow Saw
33:07 Wheelbarrow
34:03 Leather Archer Armor
34:48 Thumb Ring
38:55 Imperial Age
36:44 Scale Barding Armor
37:18 Bloodlines
37:28 Hand Cart
38:02 Chain Barding Armor
38:51 Forging
40:27 Plate Barding Armor
40:36 Husbandry
41:13 Iron Casting
43:21 Heavy Plow
44:28 Two-Man Saw
Connection lost

Rejoining the realm…

Still unreachable

The connection could not be restored.

Session expired

The server has moved on; the page needs a fresh start.